 Dungeon Crawl Stone Soup version 0.20.1-1-g8b1a95d (webtiles) character file.

1175 Reeggar the Shield-Bearer (level 8, 0/42 HPs)
             Began as a Vine Stalker Fighter on Oct 19, 2017.
             Was an Initiate of Nemelex Xobeh.
             Succumbed to a killer bee's poison
             ... on level 5 of the Dungeon.
             The game lasted 00:27:06 (4359 turns).

Reeggar the Shield-Bearer (Vine Stalker Fighter)    Turns: 4359, Time: 00:27:06

Health: 0/42       AC: 12    Str: 21    XL:     8   Next: 41%
Magic:  9/13       EV: 19    Int:  9    God:    Nemelex Xobeh [......]
Gold:   250        SH:  0    Dex: 13    Spells: 13/13 levels left

rFire    + . .     SeeInvis .   (weapon currently unavailable)
rCold    x . .     Gourm    .   (shield currently unavailable)
rNeg     + + +     Faith    .   (armour currently unavailable)
rPois    +         Spirit   +   (helmet currently unavailable)
rElec    .         Reflect  .   (cloak currently unavailable)
rCorr    .         Harm     .   (gloves currently unavailable)
MR       +....                  (boots currently unavailable)
Stlth    +.........             (no amulet)
Regen    0.6/turn               t - ring of fire
MPRegen  0.2/turn               (no ring)

@: lethally poisoned (0 -> -3), fungus-form
A: regeneration 1, magic shield, no potion heal 3, rot immunity
a: Renounce Religion


You were on level 5 of the Dungeon.
You worshipped Nemelex Xobeh.
Nemelex Xobeh was noncommittal.
You were not hungry.
You were a sentient fungus.
You visited 2 branches of the dungeon, and saw 6 of its levels.
You also visited: Sewer.

You collected 250 gold pieces.

Inventory:

Hand Weapons
 a - a +1 war axe
 r - a +0 scythe
 x - a +4 hand axe
 F - the +5 long sword "Dragonbane" (melded) {drain, rF+}
   (You found it in a sewer)

   A truly terrible weapon, it drains the life of those it strikes.
   It protects you from fire.
Armour
 b - a +0 scale mail (melded)
 c - a +0 shield (melded)
 o - a +0 pair of gloves (melded)
 u - a +0 ring mail
Magical Staves
 A - an uncursed staff of wizardry {unknown}
Jewellery
 t - a ring of fire (left hypha)
 y - a cursed ring of loudness
 B - a cursed ring of teleportation {unknown}
Wands
 s - a wand of polymorph (10/24)
 z - a wand of flame (29/48)
Scrolls
 h - a scroll of identify
 p - 2 scrolls of magic mapping
 q - 4 scrolls of fear
 C - 2 scrolls of teleportation
 D - a scroll of fog
Potions
 e - a potion of mutation {unknown}
 g - 3 potions of resistance
 i - 7 potions of magic {unknown}
 j - 4 potions of heal wounds {unknown}
 n - 2 potions of curing {unknown}
 v - a potion of cancellation {unknown}
 w - 5 potions of brilliance {unknown}
 E - a potion of agility {unknown}
 G - a potion of might
Miscellaneous
 m - a plain deck of escape {drawn: 5}
Comestibles
 d - a bread ration
 f - 13 chunks of flesh
 k - 2 royal jellies
 l - 5 meat rations


   Skills:
 + Level 3.9 Fighting
 * Level 2.5 Long Blades
 - Level 4.2 Axes
 + Level 4.3 Armour
 + Level 1.9 Dodging
 + Level 4.6 Shields
 * Level 3.2 Spellcasting


You had 13 spell levels left.
You didn't know any spells.

Dungeon Overview and Level Annotations

Branches:
Dungeon (5/15)             Temple (1/1) D:4

Altars:
Cheibriados
Dithmenos
Elyvilon
Fedhas
Gozag
Hepliaklqana
Kikubaaqudgha
Makhleb
Nemelex Xobeh
Okawaru
Qazlal
Sif Muna
Yredelemnul
The Shining One

Annotations:
D:5 1 runed door


Innate Abilities, Weirdness & Mutations

((You have razor-sharp teeth.))
Your natural rate of healing is unusually fast.
When hurt, damage is shared between your health and your magic reserves.
((Your bite disrupts and absorbs the magic of your enemies.))
Potions cannot restore your health.
You are immune to rotting.


Message History

You are more poisoned.
The killer bee poisons you!
The worker ant bites you but does no damage.
The sky beast completely misses the killer bee.
You barely miss the worker ant.
The worker ant is lightly wounded.
* * * LOW HITPOINT WARNING * * *
You feel sick.
The killer bee stings you but does no damage.
The killer bee closely misses you. The worker ant misses you.
The sky beast hits the worker ant.
The sky beast shocks the worker ant.
The worker ant is killed!
You release spores at the worker ant!
You kill the worker ant!
* * * LOW HITPOINT WARNING * * *
You feel sick. The killer bee barely misses you. The killer bee misses you.
You release spores at the sky beast!
You kill the sky beast!
You die...
Your body disappears without a glow.

.........)b....#############.##
........)).....#...............
....#######....#..###.######)##
... #.....#[..a#..##...#####.#
.. +..)..'....#.###.#.......# .
#.....#b...#.............#
#######....#......######.#
.......ys#####...#####.#
........f# #...........#
#+######## #.#...#####.##
#.##.## #...# # #.# ###...# #.#
#...... #.###.....) #.#
#.........[ #.# #..###..... #.#
#..###.....


You could see a worker ant (confused), a killer bee and a giant cockroach.

Vanquished Creatures
  Sigmund (D:2)
  A sky beast (D:5)
  An ogre (D:4)
  2 bullfrogs (Sewer)
  A scorpion (D:4)
  A centaur skeleton (D:4)
  3 orc wizards
  Jessica (D:2)
  An iguana (D:5)
  Terence (D:2)
  5 worker ants
  A hound skeleton (D:4)
  3 gnolls (D:4)
  13 adders
  9 river rats
  3 oozes (Sewer)
  2 worms
  4 dart slugs
  3 leopard geckos
  13 orcs
  8 ball pythons (Sewer)
  5 bats
  5 giant cockroaches
  4 hobgoblins
  3 jackals (D:5)
  5 quokkas
  8 frilled lizards
  7 goblins
  6 kobolds
  A leopard gecko skeleton (D:4)
  A quokka skeleton (D:4)
  30 rats
  2 butterflies (D:5)
154 creatures vanquished.

Notes
Turn   | Place    | Note
-------+----------+-------------------------------------------
     0 | D:1      | Reeggar the Vine Stalker Fighter began the quest for the Orb.
     0 | D:1      | Reached XP level 1. HP: 11/11 MP: 2/2
   121 | D:1      | Reached XP level 2. HP: 16/16 MP: 3/3
   903 | D:2      | Reached XP level 3. HP: 19/20 MP: 2/4
   955 | D:2      | Noticed Jessica
   959 | D:2      | Killed Jessica
   959 | D:2      | Gained mutation: Your natural rate of healing is unusually fast. [Vine Stalker growth]
   959 | D:2      | Reached XP level 4. HP: 17/24 MP: 5/5
   993 | D:2      | Noticed Terence
  1007 | D:2      | Killed Terence
  1185 | D:2      | Noticed Sigmund
  1256 | D:2      | Killed Sigmund
  1256 | D:2      | Reached skill level 1 in Dodging
  1256 | D:2      | Reached XP level 5. HP: 24/28 MP: 6/6
  1256 | D:2      | Reached XP level 6. HP: 27/32 MP: 7/7
  2098 | D:3      | Reached skill level 1 in Spellcasting
  2263 | D:4      | Reached XP level 7. HP: 11/36 MP: 4/9
  2530 | D:4      | Paralysed by fainting for 5 turns
  2558 | D:4      | HP: 1/36 [river rat (2)]
  2561 | D:4      | Found a glowing drain.
  2571 | Sewer    | Entered a sewer
  2837 | Sewer    | Got a dazzling long sword
  3026 | Sewer    | Identified the +5 long sword "Dragonbane" {drain, rF+} (You found it in a sewer)
  3075 | Sewer    | Reached skill level 1 in Long Blades
  3075 | Sewer    | Gained mutation: You have razor-sharp teeth. [Vine Stalker growth]
  3075 | Sewer    | Reached XP level 8. HP: 8/42 MP: 4/13
  3441 | D:4      | Found a staircase to the Ecumenical Temple.
  3448 | Temple   | Entered the Ecumenical Temple
  3473 | Temple   | Became a worshipper of Nemelex Xobeh the Trickster
  3967 | D:5      | Entered Level 5 of the Dungeon
  4089 | D:5      | Received a gift from Nemelex Xobeh
  4326 | D:5      | Found a runed door.
  4330 | D:5      | Found a runed door.
  4357 | D:5      | HP: 1/42 [poisoned by a killer bee]
  4359 | D:5      | Succumbed to a killer bee's poison

Skill      XL: |  1  2  3  4  5  6  7  8 |
---------------+-------------------------+-----
Fighting       | 3 |  3.9
Axes           | 2 3 4 |  4.2
Shields        | 3 4 |  4.6
Armour         | 3 4 |  4.3
Dodging        | 1 |  1.9
Spellcasting   | 1 2 3 |  3.2
Long Blades    | 1 2 |  2.5

Action                   |  1- 3 |  4- 6 |  7- 9 || total
-------------------------+-------+-------+-------++-------
Melee: War axe           |    51 |   143 |   167 ||   361
       Bite              |    15 |    28 |    49 ||    92
       Long sword        |       |       |    65 ||    65
       Unarmed           |       |       |    10 ||    10
Evoke: Deck              |       |       |     5 ||     5
       Wand              |       |       |     3 ||     3
  Use: Scroll            |       |     8 |     6 ||    14
       Potion            |       |       |     2 ||     2
  Eat: Chunk             |       |     3 |     3 ||     6
       Bread ration      |       |       |     2 ||     2
Armor: Scale mail        |    37 |    45 |   177 ||   259
       Skin              |       |    11 |     4 ||    15
Dodge: Dodged            |    29 |    58 |   151 ||   238
Block: Shield            |    44 |    83 |   195 ||   322
       Rpst.: Long sword |       |       |    34 ||    34
